 Dungeon Crawl Stone Soup version 0.30.0-29-ga12c61a403 (webtiles) character file.

Game seed: 3611582683665498128

35 H0rd4k the Charlatan (level 3, 0/26 HPs)
             Began as a Human Artificer on June 23, 2023.
             Slain by a jackal (1 damage)
             ... on level 2 of the Dungeon.
             The game lasted 00:01:04 (1145 turns).

H0rd4k the Charlatan (Human Artificer)              Turns: 1145, Time: 00:01:05

Health: 0/26       AC:  4    Str: 12    XL:     3   Next: 55%
Magic:  3/3        EV: 11    Int: 13    God:
Gold:   61         SH:  0    Dex: 13    Spells: 2/2 levels left

rFire   . . .        a - +0 club
rCold   . . .        (no shield)
rNeg    . . .        b - +0 leather armour
rPois   .            (no helmet)
rElec   .            (no cloak)
rCorr   .            (no gloves)
SInv    .            k - +0 pair of boots
Will    .....        (no amulet)
Stlth   +            (no ring)
HPRegen 0.24/turn    (no ring)
MPRegen 0.08/turn

%: no passive effects
@: no status effects
A: no striking features
a: no special abilities


You were on level 2 of the Dungeon.
You visited 1 branch of the dungeon, and saw 2 of its levels.

You collected 61 gold pieces.

Inventory:

Hand Weapons
 a - a +0 club (weapon)
Missiles
 g - 6 poisoned darts
Armour
 b - a +0 leather armour (worn)
 k - a +0 pair of boots (worn)
Wands
 c - a wand of flame (8) (quivered)
 d - a wand of charming (14)
 e - a wand of iceblast (5)
Scrolls
 f - 3 scrolls of identify {unknown}
 j - 3 scrolls of enchant armour {unknown}
 l - a scroll of enchant weapon {unknown}
 m - a scroll of vulnerability {unknown}
Potions
 h - a potion of haste {unknown}
 i - a potion of berserk rage {unknown}


   Skills:
 + Level 1.4 Fighting
 + Level 0.9 Maces & Flails
 + Level 2.2 Armour
 + Level 1.3 Dodging
 + Level 1.1 Stealth
 + Level 3.6 Evocations


You had 2 spell levels left.
You didn't know any spells.
Your spell library was empty.

Dungeon Overview and Level Annotations

Branches:
Dungeon (2/15)

Altars:


Message History

a +0 short sword; a kobold corpse You barely miss the ball python.
The ball python barely misses you. x2
The jackal barely misses you.
You barely miss the ball python. The jackal bites you.
The ball python bites you but does no damage.
The ball python grabs you. The ball python constricts you.
The ball python barely misses you. The ball python constricts you.
You escape the ball python's grasp.
The jackal attacks as you move away! The jackal closely misses you. x2
The jackal attacks as you move away! The jackal bites you.
The jackal attacks as you move away!
The jackal bites you but does no damage.
You miss the jackal. The jackal bites you. x2
You closely miss the jackal. The jackal bites you.
The jackal closely misses you.
You closely miss the jackal. The jackal bites you.
The jackal closely misses you.
You barely miss the jackal. The jackal bites you.
You closely miss the jackal.
The jackal bites you but does no damage.
The jackal bites you.
* * * LOW HITPOINT WARNING * * *
You hit the jackal.
The jackal is moderately wounded.
The jackal bites you.
* * * LOW HITPOINT WARNING * * *
The jackal barely misses you.
You closely miss the jackal.
The jackal is moderately wounded.
The jackal barely misses you. The jackal bites you.
* * * LOW HITPOINT WARNING * * *
You hit the jackal but do no damage.
The jackal is moderately wounded.
The jackal misses you.
You hit the jackal.
The jackal is heavily wounded.
The jackal bites you.
* * * LOW HITPOINT WARNING * * *
The jackal bites you.
You die...

#.# #.# #.# ### #.# ....
#.# ..... #.#
##########......###.##### .
+.....hh@................
..######h###.########.#####
.........S...... #.#
##.....)####.#### #.#
...>............#####.#
#.....?..###.#........#
#.#+#+#......#.###..#######
#+#.#.#.$.#..#........[....
........#.#...#..###.######


You could see 3 jackals.

Vanquished Creatures
  A dart slug (D:1)
  A ball python (D:2)
  3 giant cockroaches
  A goblin (D:2)
  8 jackals (D:1)
  4 kobolds
  A quokka (D:1)
  2 bats (D:1)
  A frilled lizard (D:1)
  7 rats
29 creatures vanquished.

Vanquished Creatures (others)
  An endoplasm (D:1)
1 creature vanquished.

Grand Total: 30 creatures vanquished

Notes
Turn   | Place    | Note
-------+----------+-------------------------------------------
     0 | D:1      | H0rd4k the Human Artificer began the quest for the Orb.
     0 | D:1      | Reached XP level 1. HP: 15/15 MP: 1/1
   161 | D:1      | Reached XP level 2. HP: 21/21 MP: 2/2
   639 | D:1      | Reached XP level 3. HP: 15/26 MP: 3/3
  1145 | D:2      | HP: 1/26 [jackal (2)]
  1145 | D:2      | Slain by a jackal

Illustrated notes

Levels and vault maps discovered:
D:1:      reono_arrival_mine, layout_rooms, st_stairs_14, grunt_decor_arrowhead
D:2:      layout_basic, serial_shops, nicolae_shop_back_alley_shop,
          serial_curves, eino_curves_04, eino_curves_04, eino_curves_02,
          eino_curves_01

Action                     || total
---------------------------++-------
  Melee: Club              ||   143
  Evoke: Wand              ||     8
   Stab: Sleeping          ||     2
 Armour: Leather armour    ||    61
  Dodge: Dodged            ||   124
